 Dungeon Crawl Stone Soup version 0.29-a0-82-g837932c90e (webtiles) character file.

Game seed: 4868693208288580943

11 lordive the Chopper (level 2, 0/25 HPs)
             Began as a Hill Orc Warper on Feb 4, 2022.
             Slain by a jackal (3 damage)
             ... on level 1 of the Dungeon.
             The game lasted 00:00:47 (578 turns).

lordive the Chopper (Hill Orc Warper)                Turns: 578, Time: 00:00:47

Health: 0/25       AC:  3    Str: 13    XL:     2   Next: 25%
Magic:  4/4        EV: 11    Int: 13    God:
Gold:   8          SH:  0    Dex: 10    Spells: 4/4 levels left

rFire   . . .      SeeInvis .   a - +0 hand axe
rCold   . . .      Faith    .   (no shield)
rNeg    . . .      Spirit   .   b - +0 leather armour
rPois   .          Reflect  .   (no helmet)
rElec   .          Harm     .   (no cloak)
rCorr   .          Rampage  .   (no gloves)
Will    .....                   (no boots)
Stlth   +.........              (no amulet)
HPRegen 0.08/turn               (no ring)
MPRegen 0.09/turn               (no ring)

@: no status effects
A: no striking features
a: no special abilities


You were on level 1 of the Dungeon.
You visited 1 branch of the dungeon, and saw 1 of its levels.

You collected 8 gold pieces.

Inventory:

Hand Weapons
 a - a +0 hand axe (weapon)
Missiles
 d - 5 boomerangs of dispersal (quivered)
Armour
 b - a +0 leather armour (worn)
Scrolls
 c - a scroll of blinking
 e - a scroll of enchant armour {unknown}
 f - a scroll of vulnerability {unknown}


   Skills:
 + Level 2.6 Fighting
 + Level 2.8 Axes
 + Level 1.1 Throwing
 + Level 1.1 Armour
 + Level 1.5 Dodging
 + Level 1.5 Spellcasting
 * Level 2.7 Translocations


You had 4 spell levels left.
You didn't know any spells.
Your spell library contained the following spells:

 Spells                   Type           Power      Damage    Failure   Level
 Blink                    Tloc           16%        N/A       16%         2
 Gell's Gravitas          Tloc           8%         N/A       32%         3
 Lesser Beckoning         Tloc           8%         N/A       32%         3
 Teleport Other           Tloc           8%         N/A       32%         3
 Manifold Assault         Tloc           8%         N/A       96%         5


Dungeon Overview and Level Annotations

Branches:
Dungeon (1/15)

Altars:


Message History

You are too injured to fight recklessly!
You are too injured to fight recklessly!
Unknown command.
You are too injured to fight recklessly!
You are too injured to fight recklessly!
You barely miss the jackal. You completely miss the jackal. You hit the jackal.
The jackal bites you but does no damage.
The jackal misses you. x2; The jackal closely misses you.
You closely miss the jackal. You hit the jackal but do no damage.
You hit the jackal. The jackal closely misses you. The jackal bites you. x2
The jackal completely misses you.
The jackal bites you but does no damage.
You barely miss the jackal. You hit the jackal but do no damage.
You hit the jackal.
The jackal bites you but does no damage.
The jackal closely misses you.
The jackal bites you but does no damage.
The jackal barely misses you.
The jackal bites you but does no damage.
You hit the jackal.
The jackal is heavily wounded.
You hit the jackal but do no damage. You closely miss the jackal.
The jackal barely misses you.
The jackal bites you but does no damage.
The jackal bites you. The jackal barely misses you.
You hit the jackal.
You kill the jackal!
You closely miss the jackal. You hit the jackal. The jackal bites you.
* * * LOW HITPOINT WARNING * * *
The jackal closely misses you. The jackal bites you.
* * * LOW HITPOINT WARNING * * *
The jackal barely misses you.
You closely miss the jackal.
The jackal is severely wounded.
You hit the jackal.
You kill the jackal!
The jackal bites you.
* * * LOW HITPOINT WARNING * * *
The jackal bites you.
You die...

########
..###############.......
?......@................
P.P...†h........P.P..P..
P♣♣♣..P♣♣♣P.P♣♣♣P.P♣♣♣P.
♣..P ♣..P♣ ♣...♣ ♣..
♣...♣♣♣...♣♣♣...♣♣♣P.
....P...P....PP...PPP.
.......................
.P...P..P..PPPP....P.P.
P..♣♣♣...♣♣♣..P♣♣♣..


You could see a jackal.

Vanquished Creatures
  A bat (D:1)
  A giant cockroach (D:1)
  4 hobgoblins (D:1)
  2 jackals (D:1)
  A frilled lizard (D:1)
  A goblin (D:1)
10 creatures vanquished.

Vanquished Creatures (others)
  11 plants (D:1)
11 creatures vanquished.

Grand Total: 21 creatures vanquished

Notes
Turn   | Place    | Note
-------+----------+-------------------------------------------
     0 | D:1      | lordive the Hill Orc Warper began the quest for the Orb.
     0 | D:1      | Reached XP level 1. HP: 18/18 MP: 3/3
   257 | D:1      | Found a faded altar of an unknown god.
   258 | D:1      | Noticed a great orb of eyes
   260 | D:1      | Noticed a shining eye
   265 | D:1      | Noticed a golden eye
   289 | D:1      | Reached skill level 1 in Throwing
   404 | D:1      | Noticed a golden eye
   436 | D:1      | Reached XP level 2. HP: 25/25 MP: 4/4
   578 | D:1      | Slain by a jackal

Illustrated notes

Levels and vault maps discovered:
D:1:      ebering_trefoil_twist, layout_basic,
          hellmonk_ecumenical_altar_watching_god, kennysheep_boxes

Skill      XL: |  1 |
---------------+----+-----
Throwing       | 1 |  1.1
Fighting       | |  2.6
Axes           | |  2.8
Armour         | |  1.1
Dodging        | |  1.5
Spellcasting   | |  1.5
Translocations | |  2.7

Action                   || total
-------------------------++-------
Melee: Hand axe          ||    50
       Punch             ||     1
Armor: Leather armour    ||    22
Dodge: Dodged            ||    39

Table legend: (Time is in decaauts)
 A = Elapsed time spent in this place.
 B = Non-inter-level travel time spent in this place.
 C = Inter-level travel time spent in this place.
 D = Time resting spent in this place.
 E = Time spent auto-exploring this place.
 F = Levels seen in this place.
 G = Mean time per level.
                   A        B        C        D        E       F      G
               +--------+--------+--------+--------+--------+-----+--------+
         Total |    586 |    586 |      0 |      0 |    484 |   1 |  586.0 |
       Dungeon |    586 |    586 |      0 |      0 |    484 |   1 |  586.0 |
               +--------+--------+--------+--------+--------+-----+--------+

Top non-repeatable levels by time:
     D:1: 586 daAuts
